 Dungeon Crawl Stone Soup version 0.31-a0-149-g3fdcc5976a (webtiles) character file.

Game seed: 10066813873971801796

3632 IdlyInterested the Fighter (level 9, -2/83 HPs)
             Began as a Demonspawn Fighter on June 7, 2023.
             Was a Follower of Ashenzari.
             Slain by a killer bee (6 damage)
             ... on level 9 of the Dungeon.
             The game lasted 00:28:22 (7538 turns).

IdlyInterested the Fighter (Demonspawn Fighter)     Turns: 7538, Time: 00:28:22

Health: -2/83      AC: 15    Str: 24    XL:     9   Next: 87%
Magic:  10/10      EV: 10    Int: 17    God:    Ashenzari [*.....]
Gold:   485        SH:  0    Dex: 14    Spells: 10/10 levels left

rFire   . . .        B - +5 whip of the Pyrrhic Victory {flame, Fly Str+3 Int+4}
rCold   . . .        (no shield)
rNeg    + + .        o - +2 chain mail
rPois   .            (helmet restricted)
rElec   .            E - +0 cloak
rCorr   .            (no gloves)
SInv    .            I - +1 pair of boots {Stlth+}
Will    .....        l - amulet of the Oracular Pessimism {RegenMP, Evo, Elem} (curse) Stlth
                     s - ring of positive energy
HPRegen 0.33/turn    L - ring "Per Aspera Ad Scientiam" {rN+ Str+3 Int+2, Melee, Fort} (curse)
MPRegen 0.52/turn

%: no passive effects
@: lethally poisoned (-2 -> -4), flying
A: antennae 1, powered by death 1, weakness stinger 2, demonic touch 1
a: Renounce Religion, Shatter the Chains


You were on level 9 of the Dungeon.
You worshipped Ashenzari.
Ashenzari was aware of your devotion.
You visited 2 branches of the dungeon, and saw 10 of its levels.

You collected 485 gold pieces.

Inventory:

Hand Weapons
 a - a +0 war axe
 b - a +1 whip of freezing
 d - a +0 dagger of venom
 p - a +3 dagger of electrocution
 r - a +0 war axe
 B - the +5 whip of the Pyrrhic Victory (weapon) {flame, Fly Str+3 Int+4}
   (You found it on level 5 of the Dungeon)

   Str:       It affects your strength (+3).
   Int:       It affects your intelligence (+4).
   Fly:       It grants you flight.
 F - a +2 whip of venom
 Q - a +1 dagger of speed
Missiles
 c - 27 poisoned darts
 e - 47 stones (quivered)
 z - 2 throwing nets
 H - 2 boomerangs
 J - 2 curare-tipped darts
Armour
 h - a +3 leather armour
 j - a +0 pair of boots
 o - a +2 chain mail (worn)
 D - the +5 kite shield of Cheibriados's Approval {rElec rPois}
   (You acquired it on level 8 of the Dungeon)

   rElec:     It insulates you from electricity.
   rPois:     It protects you from poison.
 E - a +0 cloak (worn)
 G - a +0 plate armour
 I - a +1 pair of boots of stealth (worn)
 K - a +0 pair of gloves
 O - a +0 pair of gloves
Jewellery
 l - the cursed amulet of the Oracular Pessimism (around neck) {RegenMP, Evo, Elem}
   (You found it on level 1 of the Dungeon)

   [amulet of magic regeneration]

   It increases your rate of magic regeneration.
   It has a curse which improves the following skills: Evocations: Evocations.
   Elements:  Fire Magic, Ice Magic, Air Magic and Earth Magic.
 s - a ring of positive energy (left hand)
 L - a cursed ring "Per Aspera Ad Scientiam" (right hand) {rN+ Str+3 Int+2, Melee, Fort}
   (You found it on level 7 of the Dungeon)

   [ring of positive energy]

   Str:       It affects your strength (+3).
   Int:       It affects your intelligence (+2).
   rN:        It protects you from negative energy.
   It has a curse which improves the following skills: Melee Combat: Short
   Blades, Long Blades, Axes, Maces & Flails, Polearms, Staves and Unarmed
   Combat.
   Fortitude: Armour and Shields.
 R - a ring of positive energy
Wands
 g - a wand of flame (46)
 v - a wand of iceblast (3)
 w - a wand of charming (9)
Scrolls
 f - a scroll of brand weapon
 k - 3 scrolls of magic mapping
 m - 2 scrolls of enchant weapon
 n - a scroll of teleportation
 t - a scroll of enchant armour
 u - a scroll of immolation
 y - a scroll of fog
 A - a scroll of vulnerability
 C - a scroll of butterflies
 P - a scroll of poison
Potions
 i - 7 potions of curing
 q - a potion of enlightenment
 x - a potion of ambrosia
 M - a potion of lignification
 N - a potion of heal wounds


   Skills:
 * Level 12.5 Fighting
 - Level 2.0(2.6) Axes
 - Level 2.0 Throwing
 + Level 4.0(4.7) Armour
 - Level 4.0 Dodging
 - Level 1.0 Stealth
 - Level 2.6(3.3) Shields
 - Level 1.5(2.1) Unarmed Combat
 - Level 1.0 Spellcasting
 - Level 2.0(2.6) Evocations


You had 10 spell levels left.
You didn't know any spells.
Your spell library contained the following spells:

 Spells                   Type           Power      Damage    Failure   Level
 Apportation              Tloc           0%         N/A       75%         1
 Freeze                   Ice            4%         1d3       75%         1
 Necrotise                Necr           0%         1d4       75%         1
 Summon Small Mammal      Summ           0%         N/A       75%         1
 Sublimation of Blood     Necr           0%         N/A       86%         2
 Frozen Ramparts          Ice            2%         1d1       98%         3
 Gell's Gravitas          Tloc           0%         N/A       98%         3
 Hailstorm                Conj/Ice       0%         3d3       98%         3
 Teleport Other           Tloc           0%         N/A       98%         3
 Petrify                  Tmut/Erth      0%         N/A       100%        4
 Irradiate                Conj/Tmut      0%         3d11      100%        5
 Dispersal                Tloc           0%         N/A       100%        6


Dungeon Overview and Level Annotations

Branches:
Dungeon (9/15)             Temple (1/1) D:4
   Lair: D:8-11         Orc: D:9-12

Altars:
Ashenzari
Cheibriados
Dithmenos
Fedhas
Gozag
Hepliaklqana
Kikubaaqudgha
Makhleb
Nemelex Xobeh
Sif Muna
Trog
Vehumet
Wu Jian
Xom
Yredelemnul
Lugonu

Shops:
D:4 =


Innate Abilities, Weirdness & Mutations

You have a pair of small antennae on your head.
You regenerate a little health from kills.
You have a tail ending in a sharp stinger.
Your touch may inflict minor irresistible damage on your foes.


Message History

The killer bee closely misses you. The hellwing hits you!
The hellwing hits you. The killer bee stings you.
You are poisoned.
The killer bee poisons you!
You hit the hellwing. You burn the hellwing. Your touch misses the hellwing.
The hellwing is moderately wounded.
You feel sick. The killer bee stings you. The hellwing hits you!
* * * LOW HITPOINT WARNING * * *
The hellwing hits you but does no damage.
The killer bee barely misses you.
Unknown command.
You whack the hellwing! You burn the hellwing.
The hellwing is heavily wounded.
You feel sick. The killer bee stings you.
* * * LOW HITPOINT WARNING * * *
The hellwing hits you but does no damage.
The hellwing hits you.
* * * LOW HITPOINT WARNING * * *
The killer bee barely misses you.
You barely miss the hellwing.
You touch the hellwing!
The hellwing is severely wounded.
You feel sick.
The killer bee stings you but does no damage.
The shadow imp sputters.
The hellwing barely misses you.
The hellwing hits you but does no damage.
The killer bee stings you.
* * * LOW HITPOINT WARNING * * *
You barely miss the hellwing.
You touch the hellwing!
The hellwing is almost dead.
You feel sick.
The killer bee stings you but does no damage.
The hellwing barely misses you. The hellwing hits you.
* * * LOW HITPOINT WARNING * * *
The killer bee stings you.
* * * LOW HITPOINT WARNING * * *
You hit the hellwing but do no damage.
The hellwing is almost dead.
You feel sick. The killer bee closely misses you. The killer bee stings you.
You die...

#... .#
...##.#
#.....#
###.....#
.......
#....#
#....#
#?.4@#{
#####y5Z...8
y5Z88..
Z....8.
...8.(.
.8....∩
....P..
....8..


You could see a hellwing, 2 killer bees, 2 shadow imps, a centaur warrior zombie
and 2 centaur warrior skeletons.

Vanquished Creatures
  Pikel (D:5)
  The ghost of Irreverend the Grave Robber, a novice DENe (D:6)
  Prince Ribbit (D:6)
  A vampire (D:8)
  Eustachio (D:6)
  Menkaure (D:5)
  A water moccasin (D:8)
  3 orc warriors (D:6)
  A sky beast (D:6)
  An ogre (D:7)
  A black bear (D:5)
  3 centaurs (D:7)
  4 kobold brigands
  A phantom (D:7)
  A scorpion (D:7)
  3 wights (D:6)
  2 howler monkeys
  2 jellies
  2 hounds
  3 orc priests (D:6)
  2 gnoll boudas
  2 sleepcaps
  Ijyb (D:5)
  An iguana (D:4)
  2 orc wizards
  15 gnolls
  7 adders
  2 shadow imps
  A white imp (D:7)
  4 ufetubi
  2 worms
  3 dart slugs
  24 orcs
  8 ball pythons
  5 endoplasms
  4 giant cockroaches
  6 goblins
  10 hobgoblins
  20 kobolds
  7 quokkas
  8 bats
  3 frilled lizards
  7 rats
  A spectral kobold (D:6)
  2 butterflies (D:5)
181 creatures vanquished.

Vanquished Creatures (others)
  An orc wizard (D:7)
  A kobold (D:7)
2 creatures vanquished.

Grand Total: 183 creatures vanquished

Notes
Turn   | Place    | Note
-------+----------+-------------------------------------------
     0 | D:1      | IdlyInterested the Demonspawn Fighter began the quest for
                  | the Orb.
     0 | D:1      | Reached XP level 1. HP: 18/18 MP: 1/1
   113 | D:1      | Discovered your monstrous ancestry.
   113 | D:1      | Gained mutation: You have a small tail. [demonic ancestry]
   113 | D:1      | Reached XP level 2. HP: 20/24 MP: 2/2
   364 | D:1      | Reached XP level 3. HP: 10/30 MP: 3/3
   724 | D:2      | Reached skill level 4 in Fighting
  1102 | D:2      | Gained mutation: You have a pair of small antennae on your
                  | head. [demonic ancestry]
  1102 | D:2      | Reached XP level 4. HP: 38/38 MP: 4/4
  1124 | D:2      | Reached skill level 1 in Dodging
  1398 | D:2      | Found a faded altar of an unknown god.
  1944 | D:3      | Found a basalt altar of Yredelemnul.
  2111 | D:3      | Reached skill level 1 in Stealth
  2134 | D:4      | Found a staircase to the Ecumenical Temple.
  2149 | Temple   | Entered the Ecumenical Temple
  2259 | D:4      | Found Kuossyh's Jewellery Shop.
  2270 | D:4      | Reached skill level 5 in Fighting
  2273 | D:4      | Gained mutation: You have a tail ending in a sharp stinger.
                  | [demonic ancestry]
  2273 | D:4      | Reached XP level 5. HP: 31/44 MP: 5/5
  2449 | D:4      | Reached skill level 1 in Evocations
  2922 | D:5      | Entered Level 5 of the Dungeon
  3040 | D:5      | Reached skill level 6 in Fighting
  3040 | D:5      | Reached skill level 1 in Throwing
  3040 | D:5      | Gained mutation: Your touch may inflict minor irresistible
                  | damage on your foes. [demonic ancestry]
  3040 | D:5      | Reached XP level 6. HP: 39/52 MP: 6/6
  3163 | D:5      | Found a snail-covered altar of Cheibriados.
  3197 | D:5      | Noticed Ijyb
  3209 | D:5      | Killed Ijyb
  3244 | D:5      | Noticed Menkaure
  3255 | D:5      | Killed Menkaure
  3256 | D:5      | Reached skill level 7 in Fighting
  3256 | D:5      | Reached skill level 1 in Spellcasting
  3256 | D:5      | Gained mutation: You regenerate a little health from kills.
                  | [demonic ancestry]
  3256 | D:5      | Reached XP level 7. HP: 20/60 MP: 6/8
  3279 | D:5      | Noticed Pikel
  3300 | D:5      | Killed Pikel
  3301 | D:5      | Reached skill level 9 in Fighting
  3301 | D:5      | Reached XP level 8. HP: 52/71 MP: 9/9
  3312 | D:5      | Identified the +5 whip of the Pyrrhic Victory {flame, Fly
                  | Str+3 Int+4}
  4203 | D:6      | Noticed Eustachio
  4214 | D:6      | Killed Eustachio
  4282 | D:6      | Noticed Prince Ribbit
  4294 | D:6      | Killed Prince Ribbit
  4295 | D:6      | Reached skill level 10 in Fighting
  4478 | D:6      | Found a hazy altar of Hepliaklqana.
  4643 | D:6      | Found a runed translucent gate.
  4643 | D:6      | Noticed Irreverend's ghost (novice DENe)
  4644 | D:6      | Found a runed translucent gate.
  4645 | D:6      | Found a runed translucent gate.
  4938 | D:6      | Found a shimmering altar of Xom.
  5036 | D:6      | Reached XP level 9. HP: 79/79 MP: 10/10
  5481 | D:6      | Killed Irreverend's ghost
  5482 | D:6      | Reached skill level 11 in Fighting
  6168 | D:7      | Found a broken altar of Ashenzari.
  6172 | D:7      | Became a worshipper of Ashenzari the Shackled
  6261 | D:7      | Found a shimmering blue altar of Sif Muna.
  6268 | D:7      | Identified a ring of Xom's Scorn {rN+ Str+3 Int+2}
  6367 | D:7      | Found a blossoming altar of Fedhas.
  6539 | D:7      | Reached skill level 12 in Fighting
  6545 | D:7      | Found an ornate altar of the Wu Jian Council.
  6934 | D:8      | Reached skill level 1 in Unarmed Combat
  7139 | D:8      | Reached * piety under Ashenzari
  7139 | D:8      | Identified a scroll of acquirement
  7140 | D:8      | Acquired the +5 kite shield of Cheibriados's Approval
                  | {rElec rPois}
  7219 | D:8      | Found an opulent altar of Gozag.
  7520 | D:9      | Noticed a hellwing
  7522 | D:9      | Noticed a hellwing
  7537 | D:9      | HP: 4/83 [killer bee (6)]
  7538 | D:9      | Slain by a killer bee

Illustrated notes

Levels and vault maps discovered:
D:1:      dpeg_arrival_shrine, layout_rooms
D:2:      minmay_diamond_boxcup, layout_basic,
          hellmonk_ecumenical_altar_inner_sanctum, minmay_pentomino_s2
D:3:      kennysheep_big_flooded_room, layout_basic,
          nicolae_overflow_hidden_temple
D:4:      layout_gridville, mainiacjoe_overflow_paths,
          minmay_temple_entry_gardened_gates, serial_shops, nicolae_shop_crystal
D:5:      layout_basic, overflow_temple_1_default, hangedman_glass_garden,
          minmay_liquid_box, grunt_decor_clamped, uniq_ijyb, uniq_menkaure,
          uniq_pikel
D:6:      layout_loops_corners, mainiacjoe_overflow_six_doors_small,
          nicolae_hepliaklqana_monster_ancestors, biasface_ghost_orc_armoury,
          minmay_misc_feat_encased, uniq_eustachio, uniq_prince_ribbit1
D:7:      layout_rooms, lemuel_tele_altar, mainiacjoe_overflow_alcove_2,
          mainiacjoe_overflow_24_doors, fedhas_bush_and_centaur_altar,
          mainiacjoe_overflow_concentric_impassable
D:8:      layout_cave_pods, mainiacjoe_overflow_tiny_flanked
D:9:      cheibrodos_grave_circle, layout_basic, lemuel_round_altar,
          kennysheep_mini, mainiacjoe_overflow_boulevard, uniq_erolcha
Temple:   corrupted_temple

Skill      XL: |  1  2  3  4  5  6  7  8  9 |
---------------+----------------------------+-----
Axes           | 2 |  2.0
Armour         | 3 4 |  4.0
Fighting       | 4 5 6 7 9 10 12 | 12.5
Dodging        | 1 2 3 4 |  4.0
Stealth        | 1 |  1.0
Evocations     | 1 2 |  2.0
Throwing       | 1 2 |  2.0
Spellcasting   | 1 |  1.0
Unarmed Combat | 1 |  1.5
Shields        | |  2.6

Action                     |  1- 3 |  4- 6 |  7- 9 || total
---------------------------+-------+-------+-------++-------
  Melee: War axe           |    52 |       |       ||    52
         Tailslap          |     3 |    25 |    32 ||    60
         Dagger            |    52 |   185 |    10 ||   247
         Touch             |       |    13 |    46 ||    59
         Whip              |       |       |   249 ||   249
         Punch             |       |       |     3 ||     3
  Throw: Stone             |       |     2 |     2 ||     4
 Invoke: Curse Item        |       |       |     2 ||     2
    Use: Potion            |     2 |       |     3 ||     5
         Scroll            |     2 |     3 |     2 ||     7
   Stab: Sleeping          |     1 |     2 |       ||     3
 Armour: Scale mail        |    10 |       |       ||    10
         Leather armour    |    37 |    71 |     5 ||   113
         Plate armour      |       |       |    65 ||    65
         Chain mail        |       |       |   117 ||   117
  Dodge: Dodged            |    45 |   115 |   136 ||   296
  Block: Buckler           |    18 |    33 |       ||    51

Table legend: (Time is in decaauts)
 A = Elapsed time spent in this place.
 B = Non-inter-level travel time spent in this place.
 C = Inter-level travel time spent in this place.
 D = Time resting spent in this place.
 E = Time spent auto-exploring this place.
 F = Levels seen in this place.
 G = Mean time per level.
                   A        B        C        D        E       F      G
               +--------+--------+--------+--------+--------+-----+--------+
         Total |   7583 |   6857 |    726 |    786 |   4077 |  10 |  758.3 |
       Dungeon |   7537 |   6824 |    713 |    786 |   4077 |   9 |  837.4 |
        Temple |     45 |     32 |     13 |      0 |      0 |   1 |   45.0 |
               +--------+--------+--------+--------+--------+-----+--------+

Top non-repeatable levels by time:
     D:6: 1940 daAuts
     D:5: 1063 daAuts
     D:2: 884 daAuts
     D:7: 825 daAuts
     D:8: 727 daAuts
     D:4: 721 daAuts
     D:3: 710 daAuts
     D:1: 645 daAuts
  Temple: 45 daAuts
     D:9: 18 daAuts
